 Dungeon Crawl Stone Soup version 0.32-a0-42-ga30500b4d3 (webtiles) character file.

Game seed: 9526765697768840926

71925 whatisthis the Nimble (level 15, 0/122 HPs)
             Began as a Gnoll Hexslinger on Feb 3, 2024.
             Was a Priest of Ashenzari.
             Slain by a sun demon (17 damage)
             ... summoned by Frances
             ... on level 14 of the Dungeon.
             The game lasted 01:35:00 (24715 turns).

whatisthis the Nimble (Gnoll Hexslinger)           Turns: 24715, Time: 01:35:00

Health: 0/122      AC: 17    Str:  8    XL:     15   Next: 38%
Magic:  32/32      EV: 17    Int: 14    God:    Ashenzari [***...]
Gold:   1591       SH: 14    Dex: 26    Spells: 32/40 levels left

rFire   . . .        a - +6 scimitar (venom)
rCold   . . .        M - +0 kite shield
rNeg    . . .        C - +0 ring mail of Ashenzari's Discomfort {Range, Sorc} (curse)
rPois   .            t - +0 helmet of the Cursed Pleiades {Self, Sorc} (curse)
rElec   .            H - +0 cloak "Share My Fortune-Teller" {Melee, Comp} (curse)
rCorr   .            S - +2 pair of gloves "Tethered Vision" {Self, Fort} (curse)
SInv    +            k - +2 pair of boots "Stellar Omission" {Elem, Melee} (curse)
Will    ++...        y - amulet of the acrobat
Stlth   +++++        o - +6 ring of dexterity
HPRegen 0.40/turn    K - ring of willpower
MPRegen 0.23/turn

%: acrobat, clarity
@: no status effects
A: fangs 1, strong nose, distributed training
a: Renounce Religion, Curse Item, Shatter the Chains


You were on level 14 of the Dungeon.
You worshipped Ashenzari.
Ashenzari was most pleased with you.
You visited 3 branches of the dungeon, and saw 20 of its levels.
You also visited: Ossuary.

You collected 1591 gold pieces.

Inventory:

Hand Weapons
 a - a +6 scimitar of venom (weapon)
 b - a +2 sling of flaming
 d - a +1 trident of protection
Missiles
 v - 8 poisoned darts
 B - 11 datura-tipped darts
 D - 7 boomerangs (quivered)
 Y - 11 curare-tipped darts
Armour
 k - the cursed +2 pair of boots "Stellar Omission" (worn) {Elem, Melee}
   (You found it on level 2 of the Dungeon)

   It has a curse which improves the following skills: Elements: Fire Magic, Ice
   Magic, Air Magic and Earth Magic.
   Melee Combat: Short Blades, Long Blades, Axes, Maces & Flails, Polearms,
   Staves and Unarmed Combat.
 n - a scarf of resistance
 t - the cursed +0 helmet of the Cursed Pleiades (worn) {Self, Sorc}
   (You took it off Robin on level 3 of the Dungeon)

   It has a curse which improves the following skills: Introspection: Fighting
   and Spellcasting.
   Sorcery:   Conjurations and Alchemy.
 C - the cursed +0 ring mail of Ashenzari's Discomfort (worn) {Range, Sorc}
   (You took it off a gnoll sergeant on level 4 of the Dungeon)

   It has a curse which improves the following skills: Ranged Combat: Ranged
   Weapons and Throwing.
   Sorcery:   Conjurations and Alchemy.
 H - the cursed +0 cloak "Share My Fortune-Teller" (worn) {Melee, Comp}
   (You found it on level 7 of the Dungeon)

   It has a curse which improves the following skills: Melee Combat: Short
   Blades, Long Blades, Axes, Maces & Flails, Polearms, Staves and Unarmed
   Combat.
   Companions: Summonings and Necromancy.
 M - a +0 kite shield (worn)
 S - the cursed +2 pair of gloves "Tethered Vision" (worn) {Self, Fort}
   (You found it on level 8 of the Dungeon)

   It has a curse which improves the following skills: Introspection: Fighting
   and Spellcasting.
   Fortitude: Armour and Shields.
Jewellery
 o - a +6 ring of dexterity (left hand)
 y - an amulet of the acrobat (around neck)
 A - a ring of wizardry
 K - a ring of willpower (right hand)
Wands
 x - a wand of flame (49)
 N - a wand of charming (9)
 O - a wand of polymorph (3)
 R - a wand of digging (6)
 X - a wand of acid (5)
 Z - a wand of mindburst (6)
Scrolls
 e - 4 scrolls of blinking
 g - 5 scrolls of amnesia
 h - a scroll of silence
 l - 7 scrolls of fog
 m - 4 scrolls of fear
 s - 4 scrolls of immolation
 w - a scroll of butterflies
 E - a scroll of torment
 F - 5 scrolls of teleportation
 G - 5 scrolls of noise
 I - 10 scrolls of poison
 L - a scroll of enchant armour
 Q - 2 scrolls of vulnerability
 U - 2 scrolls of revelation
Potions
 c - 5 potions of might
 f - 10 potions of curing
 i - 4 potions of brilliance
 j - 8 potions of mutation
 p - 4 potions of magic
 q - 3 potions of enlightenment
 r - 9 potions of heal wounds
 u - 2 potions of ambrosia
 z - 2 potions of attraction
 J - 2 potions of lignification
 P - 2 potions of cancellation
 T - 2 potions of berserk rage
 W - a potion of invisibility
Miscellaneous
 V - a box of beasts (inert)


   Skills:
 + Level 10.7(12.9) Fighting
 + Level 10.4(12.6) Short Blades
 + Level 10.4(12.6) Long Blades
 + Level 10.4(12.6) Axes
 + Level 10.4(12.6) Maces & Flails
 + Level 10.4(12.6) Polearms
 + Level 10.4(12.6) Staves
 + Level 11.3(12.8) Ranged Weapons
 + Level 10.4(11.9) Throwing
 + Level 10.4(11.9) Armour
 + Level 11.3 Dodging
 + Level 10.4 Stealth
 + Level 10.4(11.9) Shields
 + Level 10.4(12.6) Unarmed Combat
 + Level 10.8(13.0) Spellcasting
 + Level 8.7(11.0) Conjurations
 + Level 10.3 Hexes
 + Level 8.7(10.2) Summonings
 + Level 8.7(10.2) Necromancy
 + Level 8.7 Translocations
 + Level 9.0(10.5) Fire Magic
 + Level 8.7(10.2) Ice Magic
 + Level 8.7(10.2) Air Magic
 + Level 8.7(10.2) Earth Magic
 + Level 8.7(11.0) Alchemy
 + Level 11.3 Invocations
 + Level 10.4 Evocations
 + Level 9.5 Shapeshifting


You had 32 spell levels left.
You knew the following spells:

 Your Spells              Type           Power      Damage    Failure   Level
a - Jinxbite              Hex            76%        N/A       1%          2
b - Ensorcelled Hibernat  Hex/Ice        76%        N/A       1%          2
c - Cause Fear            Hex            19%        N/A       8%          4

Your spell library contained the following spells:

 Spells                   Type           Power      Damage    Failure   Level
 Apportation              Tloc           66%        N/A       1%          1
 Cigotuvi's Dreadful Rot  Necr/Alch/Air  76%        N/A       1%          2
 Fugue of the Fallen      Necr           37%        N/A       2%          3
 Inner Flame              Hex/Fire       38%        N/A       2%          3
 Sigil of Binding         Hex            38%        N/A       2%          3
 Anguish                  Hex/Necr       19%        N/A       8%          4
 Animate Dead             Necr           37%        N/A       8%          4
 Dispel Undead            Necr           37%        3d15      8%          4
 Martyr's Knell           Necr/Summ      37%        N/A       8%          4
 Dimensional Bullseye     Hex/Tloc       17%        N/A       11%         4
 Alistair's Intoxication  Alch           26%        N/A       16%         5
 Borgnjor's Vile Clutch   Necr/Erth      18%        N/A       22%         5
 Eringya's Noxious Bog    Alch           19%        4d6       65%         6
 Death Channel            Necr           18%        N/A       77%         6
 Haunt                    Necr/Summ      18%        N/A       100%        7
 Malign Gateway           Summ/Tloc      17%        N/A       100%        7
 Borgnjor's Revivificati  Necr           18%        N/A       100%        8
 Summon Horrible Things   Summ           18%        N/A       100%        8
 Death's Door             Necr           18%        N/A       100%        9


Dungeon Overview and Level Annotations

Branches:
Dungeon (14/15)            Temple (1/1) D:5            Lair (5/5) D:10
  Swamp (0/4) Lair:2        Snake (0/4) Lair:3        Slime (0/5) Lair:5
    Orc (0/2) D:11         Vaults (0/5) D:13        Ossuary (visited)

Altars:
Ashenzari
Cheibriados
Dithmenos
Elyvilon
Fedhas
Gozag
Hepliaklqana
Kikubaaqudgha
Makhleb
Nemelex Xobeh
Okawaru
Qazlal
Ru
Sif Muna
Trog
Uskayaw
Vehumet
Wu Jian
Xom
Yredelemnul
Zin
The Shining One
Jiyva

Shops:
D:1 !:   D:6 [   D:9 :   D:11 *

Portals:
Hell: Lair:5
Trove: D:13 (give 4 potions of resistance)

Annotations:
D:14 36 runed translucent doors, Frances
Lair:4 Rupert


Innate Abilities, Weirdness & Mutations

You have very sharp teeth.
Your uncanny sense of smell can sniff out nearby items.
Your experience applies equally to all skills.


Message History

Frances is no longer moving quickly.
Frances mutters in a terrible tongue.
Frances seems to speed up.
You block the sun demon's attack.
You hit Frances but do no damage.
Frances looks as sick as possible!
Frances is heavily wounded.
Frances hits you but does no damage. You block the sun demon's attack.
Frances hits you with a +2 mace of protection!!
You barely miss Frances.
Frances is severely wounded.
You block Frances's attack. You block the sun demon's attack.
You hit Frances but do no damage.
Frances looks as sick as possible!
Frances is severely wounded.
You block Frances's attack. The sun demon misses you.
You slice Frances!!
Frances looks as sick as possible!
Frances is severely wounded.
Frances whispers indecipherable words.
The shard of ice hits you!!!
The sun demon hits you but does no damage.
You block Frances's attack.
You slash Frances!
Frances is almost dead.
You block the sun demon's attack.
Frances chants phrases taken from a devil's mouth.
The iron shot hits you!!
* * * LOW HITPOINT WARNING * * *
Aiming: Mindburst
Press: ? - help, Shift-Dir - straight line, f/p - Frances
Aim: Frances, wielding a +2 mace of protection and wearing a +4 scale mail of cold resistance (almost dead, fast, extremely poisoned, chance to affect: 30%)
Okay, then.
Okay, then.
Hit: a) +6 scimitar (venom)
Press: ? - help, Dir - move target, f/p - Frances
Aim: Frances, wielding a +2 mace of protection and wearing a +4 scale mail of cold resistance (almost dead, fast, extremely poisoned, about 22% to evade your +6 scimitar of venom)
Okay, then.
You open the lid... ...and a mature firesting beast leaps out!
The box is emptied!
Frances closely misses you. The sun demon hits you.
* * * LOW HITPOINT WARNING * * *
You are engulfed in flames!
You die...

#.# .............@............#
##.###.###......#################
.#...................^.. ........
.#)..............#.#### #####.
.#...++++++++++..#.# #.
.#...++++++++++....# #. ###..++
++.4### #. .....++ ∆∆ ++3@#
#########. (....++ ∆∆ ++H@#
#......##. ###..++
++..#######......##. .)...++ ∆ {
++.................. .....++
++...######......##.
.##..++++++++++.....####......##.
..#..++++++++++...#............#.
..#...............#.####.......#.
..#...............#.. #.......#.
..#.#######....####>#. #.......#.


You could see Frances (fast, extremely poisoned), a sun demon (summoned, ally
target), a rust devil (summoned) and a friendly mature firesting beast
(summoned).

Vanquished Creatures
  Gastronok (Lair:1)
  Kirke (D:12)
  A dire elephant (Lair:5)
  A fire dragon (D:12)
  3 hydras (Lair:5)
  4 vault guards (D:13)
  4 centaur warriors (D:13)
  A two-headed ogre (D:12)
  5 boulder beetles
  An occultist (Lair:5)
  Nergalle (D:11)
  Sonja (D:13)
  3 skysharks
  A sixfirhy (Lair:5)
  An arcanist (D:13)
  A deep elf archer (D:13)
  A lindwurm (Lair:3)
  2 deep elf pyromancers
  2 orc knights
  2 ugly things
  9 elephants
  2 cyclopes
  2 manticores (D:13)
  3 black mambas
  A torpor snail (Lair:4)
  19 cane toads
  5 gargoyles
  A smoke demon (Lair:5)
  2 unseen horrors (D:12)
  3 orange demons (Lair:5)
  2 ice devils (Lair:5)
  A kobold demonologist (D:12)
  13 komodo dragons
  7 rime drakes
  A troll (shapeshifter) (D:14)
  A tengu conjurer (D:13)
  A red devil (Lair:5)
  3 trolls (D:12)
  4 polar bears
  13 blink frogs
  17 dream sheep
  14 slime creatures
  A spriggan (shapeshifter) (D:14)
  4 wraiths
  A shadow (D:9)
  2 vampires
  44 yaks
  4 basilisks
  3 wyverns
  A hog (D:12)
  A human (D:13)
  4 steam dragons
  5 vampire mosquitoes
  6 nagas (Lair:3)
  3 swamp worms (Lair:1)
  15 water moccasins
  5 acid dragons
  3 hell hounds (Lair:5)
  5 orc warriors
  2 sky beasts (D:7)
  2 black bears
  An ice beast (D:8)
  5 boggarts (D:12)
  2 ogres
  18 wolves
  9 centaurs
  Blork the orc (D:6)
  A kobold brigand (D:9)
  11 bullfrogs
  2 gnoll sergeants
  3 scorpions
  A burial acolyte (Ossuary)
  10 wights
  6 killer bees
  5 electric eels
  6 howler monkeys
  2 jellies
  2 bombardier beetles
  4 hounds
  13 orc priests
  2 sleepcaps
  8 orc wizards
  6 iguanas
  Robin (D:3)
  12 gnolls
  4 adders
  2 white imps
  6 ufetubi
  An adder skeleton (Ossuary)
  2 dart slugs
  37 orcs
  4 bats
  7 endoplasms
  A giant cockroach (D:4)
  10 hobgoblins
  12 jackals
  8 kobolds
  A quokka (D:1)
  9 ball pythons
  A ball python skeleton (Ossuary)
  3 frilled lizards
  14 goblins
  2 hobgoblin skeletons (Ossuary)
  3 kobold skeletons (Ossuary)
  2 orc skeletons (Ossuary)
  3 rats
  A butterfly (Lair:3)
536 creatures vanquished.

Vanquished Creatures (collateral kills)
  2 cyclopes (D:13)
2 creatures vanquished.

Vanquished Creatures (others)
  3 humans (D:13)
3 creatures vanquished.

Grand Total: 541 creatures vanquished

Notes
Turn   | Place    | Note
-------+----------+-------------------------------------------
     0 | D:1      | whatisthis the Gnoll Hexslinger began the quest for the
                  | Orb.
     0 | D:1      | Reached XP level 1. HP: 17/17 MP: 4/4
   171 | D:1      | Reached XP level 2. HP: 23/23 MP: 5/5
   427 | D:1      | Reached XP level 3. HP: 28/28 MP: 7/7
   478 | D:1      | Found Coiryixto's Distillery.
   574 | D:1      | Found Jafalaugu's Book Shop.
   614 | D:1      | Reached skill level 1 in Invocations
  1039 | D:2      | Reached skill level 1 in Short Blades
  1039 | D:2      | Reached skill level 1 in Long Blades
  1039 | D:2      | Reached skill level 1 in Axes
  1039 | D:2      | Reached skill level 1 in Maces & Flails
  1039 | D:2      | Reached skill level 1 in Polearms
  1039 | D:2      | Reached skill level 1 in Staves
  1039 | D:2      | Reached skill level 1 in Throwing
  1039 | D:2      | Reached skill level 1 in Armour
  1039 | D:2      | Reached skill level 1 in Stealth
  1039 | D:2      | Reached skill level 1 in Shields
  1039 | D:2      | Reached skill level 1 in Unarmed Combat
  1039 | D:2      | Reached skill level 1 in Evocations
  1285 | D:3      | Reached skill level 1 in Conjurations
  1285 | D:3      | Reached skill level 1 in Summonings
  1285 | D:3      | Reached skill level 1 in Necromancy
  1285 | D:3      | Reached skill level 1 in Translocations
  1285 | D:3      | Reached skill level 1 in Ice Magic
  1285 | D:3      | Reached skill level 1 in Air Magic
  1285 | D:3      | Reached skill level 1 in Earth Magic
  1285 | D:3      | Reached skill level 1 in Alchemy
  1285 | D:3      | Reached skill level 1 in Shapeshifting
  1285 | D:3      | Reached XP level 4. HP: 28/34 MP: 8/8
  1466 | D:3      | Reached XP level 5. HP: 40/40 MP: 9/9
  1729 | D:3      | Noticed Robin
  2026 | D:3      | Killed Robin
  2440 | D:4      | Reached XP level 6. HP: 36/47 MP: 9/11
  2539 | D:4      | Reached skill level 5 in Ranged Weapons
  2539 | D:4      | Reached skill level 5 in Dodging
  3047 | D:5      | Entered Level 5 of the Dungeon
  3047 | D:5      | Found a staircase to the Ecumenical Temple.
  3054 | Temple   | Entered the Ecumenical Temple
  3313 | D:5      | Noticed a black bear
  3322 | D:5      | Reached XP level 7. HP: 52/52 MP: 12/12
  3888 | D:4      | Learned a level 2 spell: Jinxbite
  3974 | D:5      | Found a broken altar of Ashenzari.
  3979 | D:5      | Became a worshipper of Ashenzari the Shackled
  4004 | D:5      | Reached XP level 8. HP: 60/60 MP: 14/14
  4497 | D:6      | Found a transporter.
  4497 | D:6      | Found Peifareg's Antique Armour Boutique.
  4500 | D:6      | Found a transporter.
  4852 | D:6      | Noticed Blork the orc
  4865 | D:6      | Killed Blork the orc
  5595 | D:7      | Reached XP level 9. HP: 54/68 MP: 16/16
  5619 | D:7      | Found a sand-covered staircase.
  5637 | Ossuary  | Entered an ossuary
  5685 | Ossuary  | Reached skill level 5 in Spellcasting
  5806 | Ossuary  | Reached * piety under Ashenzari
  5952 | Ossuary  | Reached skill level 5 in Fighting
  6864 | D:7      | Reached skill level 5 in Invocations
  7337 | D:8      | Reached ** piety under Ashenzari
  7379 | D:8      | Noticed a cyclops
  7392 | D:8      | Killed a cyclops
  7393 | D:8      | Reached skill level 5 in Short Blades
  7393 | D:8      | Reached skill level 5 in Long Blades
  7393 | D:8      | Reached skill level 5 in Axes
  7393 | D:8      | Reached skill level 5 in Maces & Flails
  7393 | D:8      | Reached skill level 5 in Polearms
  7393 | D:8      | Reached skill level 5 in Staves
  7393 | D:8      | Reached skill level 5 in Throwing
  7393 | D:8      | Reached skill level 5 in Armour
  7393 | D:8      | Reached skill level 5 in Stealth
  7393 | D:8      | Reached skill level 5 in Shields
  7393 | D:8      | Reached skill level 5 in Unarmed Combat
  7393 | D:8      | Reached skill level 5 in Evocations
  7393 | D:8      | Reached XP level 10. HP: 43/79 MP: 20/20
  7525 | D:8      | Noticed Psyche
  7535 | D:8      | Psyche changed into Psyche the rime drake
  7535 | D:8      | Noticed Psyche
  7543 | D:8      | Killed Psyche the rime drake
  8223 | D:8      | Reached skill level 5 in Fire Magic
  8419 | D:9      | Reached skill level 5 in Shapeshifting
  8430 | D:9      | Found a sacrificial altar of Ru.
  8430 | D:9      | Found a radiant altar of Vehumet.
  8606 | D:9      | Found Nosemes's Book Shop.
  9242 | D:10     | Entered Level 10 of the Dungeon
  9293 | D:10     | Found a staircase to the Lair.
  9532 | D:9      | Reached skill level 5 in Conjurations
  9532 | D:9      | Reached skill level 5 in Summonings
  9532 | D:9      | Reached skill level 5 in Necromancy
  9532 | D:9      | Reached skill level 5 in Translocations
  9532 | D:9      | Reached skill level 5 in Ice Magic
  9532 | D:9      | Reached skill level 5 in Air Magic
  9532 | D:9      | Reached skill level 5 in Earth Magic
  9532 | D:9      | Reached skill level 5 in Alchemy
  9532 | D:9      | Reached XP level 11. HP: 86/86 MP: 22/22
  9548 | D:10     | Found an iron altar of Okawaru.
 10078 | D:10     | Noticed Urug
 10086 | D:10     | Urug changed into Urug the basilisk
 10086 | D:10     | Noticed Urug
 10102 | D:10     | Killed Urug the basilisk
 10278 | D:10     | Found a sparkling altar of Nemelex Xobeh.
 10907 | D:11     | Found Haling's Pet Rocks.
 10908 | D:11     | Noticed a cyclops
 10908 | D:11     | Noticed a boulder beetle
 10911 | D:11     | Noticed a boulder beetle
 10973 | D:11     | Found a staircase to the Orcish Mines.
 11016 | D:11     | Noticed a boulder beetle
 11067 | Lair:1   | Entered Level 1 of the Lair of Beasts
 11067 | Lair:1   | Noticed Gastronok
 11088 | Lair:1   | Killed Gastronok
 11476 | Lair:1   | Noticed a demonic crawler
 11636 | Lair:1   | Noticed a catoblepas
 12081 | Lair:1   | Reached XP level 12. HP: 94/94 MP: 24/24
 12196 | Lair:2   | Noticed a skyshark
 12508 | Lair:2   | Found a staircase to the Swamp.
 13232 | Lair:2   | Noticed a seven-headed hydra
 13436 | Lair:3   | Noticed a boulder beetle
 13457 | Lair:3   | Killed a boulder beetle
 13621 | Lair:3   | Reached *** piety under Ashenzari
 14849 | Lair:3   | Found a staircase to the Snake Pit.
 15102 | Lair:4   | Reached XP level 13. HP: 105/105 MP: 27/27
 15143 | Lair:4   | Identified the maw talisman of Wasted Space {+Blink rN++
                  | rCorr MP-9}
 15143 | Lair:4   | Noticed Rupert
 16212 | Lair:5   | Entered Level 5 of the Lair of Beasts
 16541 | Lair:5   | Found a burning altar of Makhleb.
 16937 | Lair:5   | Reached skill level 10 in Ranged Weapons
 16937 | Lair:5   | Reached skill level 10 in Dodging
 17423 | Lair:5   | Learned a level 2 spell: Ensorcelled Hibernation
 17428 | Lair:5   | Learned a level 4 spell: Cause Fear
 17623 | Lair:5   | Found a viscous altar of Jiyva.
 17623 | Lair:5   | Found a staircase to the Slime Pits.
 17977 | Lair:4   | Reached XP level 14. HP: 104/114 MP: 27/29
 17981 | Lair:4   | Reached skill level 10 in Invocations
 18356 | Lair:5   | Noticed a dire elephant
 18381 | Lair:5   | Killed a dire elephant
 18886 | Lair:5   | Found a burning altar of Makhleb.
 19166 | Lair:5   | Found a gateway to Hell.
 19324 | Lair:5   | Identified the +5 robe of the Evening Star {Harm rPois}
 19346 | Lair:5   | Reached skill level 10 in Spellcasting
 19980 | D:11     | Reached skill level 10 in Fighting
 20235 | D:11     | Noticed Nergalle
 20242 | D:11     | Killed Nergalle
 21512 | D:12     | Reached skill level 10 in Hexes
 21917 | D:12     | Identified the +9 glaive of Vengeance {freeze, MP+9 SInv}
 21917 | D:12     | Noticed a sphinx
 22043 | D:13     | Noticed Kirke
 22208 | D:13     | Reached skill level 10 in Short Blades
 22208 | D:13     | Reached skill level 10 in Long Blades
 22208 | D:13     | Reached skill level 10 in Axes
 22208 | D:13     | Reached skill level 10 in Maces & Flails
 22208 | D:13     | Reached skill level 10 in Polearms
 22208 | D:13     | Reached skill level 10 in Staves
 22208 | D:13     | Reached skill level 10 in Throwing
 22208 | D:13     | Reached skill level 10 in Armour
 22208 | D:13     | Reached skill level 10 in Stealth
 22208 | D:13     | Reached skill level 10 in Shields
 22208 | D:13     | Reached skill level 10 in Unarmed Combat
 22208 | D:13     | Reached skill level 10 in Evocations
 22319 | D:13     | Noticed Sonja
 22357 | D:13     | Killed Sonja
 22663 | D:12     | Reached XP level 15. HP: 73/122 MP: 31/31
 22817 | D:12     | Noticed a sphinx
 22818 | D:12     | Killed Kirke
 23243 | D:13     | Found a portal to a secret trove of treasure.
 24031 | D:13     | Found a gate to the Vaults.
 24390 | D:14     | Found a huge runed translucent gate.
 24390 | D:14     | Found a huge runed translucent gate.
 24390 | D:14     | Found a huge runed translucent gate.
 24390 | D:14     | Found a huge runed translucent gate.
 24390 | D:14     | Found a huge runed translucent gate.
 24391 | D:14     | Found a huge runed translucent gate.
 24392 | D:14     | Found a huge runed translucent gate.
 24392 | D:14     | Found a huge runed translucent gate.
 24393 | D:14     | Found a huge runed translucent gate.
 24393 | D:14     | Found a huge runed translucent gate.
 24394 | D:14     | Found a huge runed translucent gate.
 24394 | D:14     | Found a huge runed translucent gate.
 24394 | D:14     | Found a huge runed translucent gate.
 24394 | D:14     | Found a huge runed translucent gate.
 24396 | D:14     | Found a huge runed translucent gate.
 24398 | D:14     | Found a huge runed translucent gate.
 24399 | D:14     | Found a huge runed translucent gate.
 24399 | D:14     | Found a huge runed translucent gate.
 24621 | D:14     | Found a huge runed translucent gate.
 24621 | D:14     | Found a huge runed translucent gate.
 24621 | D:14     | Found a huge runed translucent gate.
 24621 | D:14     | Found a huge runed translucent gate.
 24621 | D:14     | Found a huge runed translucent gate.
 24622 | D:14     | Found a huge runed translucent gate.
 24623 | D:14     | Found a huge runed translucent gate.
 24623 | D:14     | Found a huge runed translucent gate.
 24624 | D:14     | Found a huge runed translucent gate.
 24625 | D:14     | Found a huge runed translucent gate.
 24626 | D:14     | Found a huge runed translucent gate.
 24628 | D:14     | Found a huge runed translucent gate.
 24629 | D:14     | Found a huge runed translucent gate.
 24630 | D:14     | Found a huge runed translucent gate.
 24680 | D:14     | Noticed Frances
 24691 | D:14     | Found a huge runed translucent gate.
 24691 | D:14     | Found a huge runed translucent gate.
 24692 | D:14     | Found a huge runed translucent gate.
 24692 | D:14     | Found a huge runed translucent gate.
 24715 | D:14     | Slain by a sun demon

Illustrated notes

Levels and vault maps discovered:
D:1:      matt_arrival_los_fun, layout_loops_ring, serial_shops,
          nicolae_shop_advertising_works [nicolae_subvault_shop_adworks], shop
D:2:      layout_rooms
D:3:      layout_basic, kennysheep_generic_room_6, uniq_robin
D:4:      layout_loops_ring
D:5:      layout_rooms, mainiacjoe_overflow_tiny_flanked,
          minmay_temple_entry_mist
D:6:      layout_loops_ring, serial_shops, nicolae_shop_drivethru,
          hangedman_abyss_or_decor_lesser_grid, minmay_circle_x,
          uniq_blork_the_orc
D:7:      layout_loops_corners, enter_ossuary_2
D:8:      layout_loops_ring, nrook_loot_triangle, uniq_psyche
D:9:      layout_loops_ring, jmf_multi_god_temple, serial_shops, shop
D:10:     layout_rooms, mainiacjoe_overflow_alcove_1, old_standard_altar,
          david_lair_shrubbed, uniq_urug
D:11:     layout_loops_cross, orc_0_dummy, guppyfry_shop_earth, uniq_nergalle
D:12:     nzn_winding_woodlands_cross [nzn_winding_woodlands_5x15_default,
          nzn_winding_woodlands_5x15_twine, nzn_winding_woodlands_5x15_jagged,
          nzn_winding_woodlands_5x15_sidewinder,
          nzn_winding_woodlands_15x15_boxy_spiral], layout_basic
D:13:     layout_cave_pools, grunt_vaults_entry_fortified,
          nicolae_trove_entry_isolated, uniq_sonja, uniq_kirke
D:14:     layout_basic, special_room [special_room_mythical_zoo],
          not_door_vault_mu, uniq_frances
Temple:   sentei_temple_godly_chess
Lair:1:   layout_roguey, worms_lemuel, uniq_gastronok
Lair:2:   layout_regular_city, swamp_mist_pool
Lair:3:   layout_hall_layers, minmay_snake_entry_guardpost_medium,
          serial_bayou_shore_b, grunt_megastairs_1, serial_bayou_shore_b,
          lemuel_fruit_fields, serial_bayou_shore_a
Lair:4:   layout_regular_city, nzn_random_ring, grunt_megastairs_2,
          infiniplex_staircase_pool_2, uniq_rupert
Lair:5:   evil_forest, layout_misc_corridors, slime_entry_1,
          nicolae_quartered_pool_super, lemuel_centaur_altar

Skill      XL: |  1  2  3  4  5  6  7  8  9 10 11 12 13 14 15 |
---------------+----------------------------------------------+-----
Fire Magic     | 2 3 4 5 6 7 8 9 |  9.0
Invocations    | 1 2 3 4 5 6 7 8 9 10 11 | 11.3
Short Blades   | 1 2 3 5 6 7 8 9 10 | 10.4
Long Blades    | 1 2 3 5 6 7 8 9 10 | 10.4
Axes           | 1 2 3 5 6 7 8 9 10 | 10.4
Maces & Flails | 1 2 3 5 6 7 8 9 10 | 10.4
Polearms       | 1 2 3 5 6 7 8 9 10 | 10.4
Staves         | 1 2 3 5 6 7 8 9 10 | 10.4
Throwing       | 1 2 3 5 6 7 8 9 10 | 10.4
Armour         | 1 2 3 5 6 7 8 9 10 | 10.4
Stealth        | 1 2 3 5 6 7 8 9 10 | 10.4
Shields        | 1 2 3 5 6 7 8 9 10 | 10.4
Unarmed Combat | 1 2 3 5 6 7 8 9 10 | 10.4
Evocations     | 1 2 3 5 6 7 8 9 10 | 10.4
Spellcasting   | 3 4 5 6 7 8 9 10 | 10.8
Conjurations   | 1 2 3 4 5 6 7 8 |  8.7
Summonings     | 1 2 3 4 5 6 7 8 |  8.7
Necromancy     | 1 2 3 4 5 6 7 8 |  8.7
Translocations | 1 2 3 4 5 6 7 8 |  8.7
Ice Magic      | 1 2 3 4 5 6 7 8 |  8.7
Air Magic      | 1 2 3 4 5 6 7 8 |  8.7
Earth Magic    | 1 2 3 4 5 6 7 8 |  8.7
Alchemy        | 1 2 3 4 5 6 7 8 |  8.7
Shapeshifting  | 1 2 3 4 5 6 7 8 9 |  9.5
Fighting       | 3 4 5 6 7 8 9 10 | 10.7
Ranged Weapons | 5 6 7 8 9 10 11 | 11.3
Dodging        | 5 6 7 8 9 10 11 | 11.3
Hexes          | 6 7 8 9 10 | 10.3

Action                     |  1- 3 |  4- 6 |  7- 9 | 10-12 | 13-15 || total
---------------------------+-------+-------+-------+-------+-------++-------
  Melee: Sling             |       |       |     2 |       |       ||     2
         Trident           |       |       |   160 |    30 |    61 ||   251
         Bite              |       |       |    28 |    65 |   185 ||   278
         Punch             |       |       |     5 |       |       ||     5
         Scimitar          |       |       |    28 |   406 |   889 ||  1323
   Fire: Sling             |   109 |   188 |   319 |   310 |    95 ||  1021
  Throw: Dart              |       |     4 |     4 |     7 |       ||    15
         Boomerang         |       |       |       |    38 |    79 ||   117
   Cast: Jinxbite          |       |       |     1 |    11 |     5 ||    17
         Ensorcelled Hiber |       |       |       |       |     9 ||     9
         Cause Fear        |       |       |       |       |     4 ||     4
 Invoke: Curse Item        |       |       |     3 |     2 |       ||     5
  Evoke: Wand              |       |       |     5 |    14 |     5 ||    24
         Box of beasts     |       |       |       |       |     1 ||     1
    Use: Scroll            |       |     4 |     7 |     3 |     5 ||    19
         Potion            |       |       |     1 |       |     3 ||     4
   Stab: Sleeping          |       |       |     3 |     3 |    12 ||    18
         Distracted        |       |       |       |     1 |     5 ||     6
         Fleeing           |       |       |       |       |     1 ||     1
 Armour: Leather armour    |    19 |    78 |    72 |       |       ||   169
         Ring mail         |       |       |   140 |   326 |   544 ||  1010
  Dodge: Dodged            |    30 |   108 |   316 |   359 |   519 ||  1332
  Block: Kite shield       |       |       |       |   476 |   809 ||  1285

Table legend: (Time is in decaauts)
 A = Elapsed time spent in this place.
 B = Non-inter-level travel time spent in this place.
 C = Inter-level travel time spent in this place.
 D = Time resting spent in this place.
 E = Time spent auto-exploring this place.
 F = Levels seen in this place.
 G = Mean time per level.
                   A        B        C        D        E       F      G
               +--------+--------+--------+--------+--------+-----+--------+
         Total |  25135 |  23883 |   1252 |   6853 |   6075 |  21 | 1196.9 |
       Dungeon |  15689 |  14873 |    816 |   3869 |   5084 |  14 | 1120.6 |
        Temple |      7 |      7 |      0 |      0 |      0 |   1 |    7.0 |
          Lair |   9002 |   8566 |    436 |   2910 |    904 |   5 | 1800.4 |
       Ossuary |    436 |    436 |      0 |     74 |     87 |   1 |  436.0 |
               +--------+--------+--------+--------+--------+-----+--------+

Top non-repeatable levels by time:
  Lair:5: 2590 daAuts
  Lair:4: 2248 daAuts
    D:12: 1837 daAuts
  Lair:3: 1593 daAuts
    D:13: 1544 daAuts
     D:9: 1536 daAuts
  Lair:1: 1495 daAuts
     D:4: 1300 daAuts
     D:8: 1236 daAuts
    D:11: 1180 daAuts
     D:7: 1162 daAuts
  Lair:2: 1075 daAuts
     D:6: 1043 daAuts
     D:5: 1024 daAuts
    D:10: 1012 daAuts
